 Dungeon Crawl Stone Soup version 0.18.1-5-g4a78601 (webtiles) character file.

75 varam the Ruffian (level 4, 0/40 HPs)
             Began as a Minotaur Monk on May 11, 2016.
             Slain by Grinder (3 damage)
             ... on level 3 of the Dungeon.
             The game lasted 00:04:17 (2386 turns).

varam the Ruffian (Minotaur Monk)                   Turns: 2386, Time: 00:04:17

Health: 0/40       AC:  3    Str: 13    XL:     4   Next: 11%
Magic:  3/3        EV: 13    Int:  7    God:
Gold:   75         SH:  0    Dex: 14    Spells: 0 memorised, 3 levels left

rFire  . . .     SeeInvis .       - Unarmed
rCold  . . .     Gourm    .     a - +0 robe
rNeg   . . .     Faith    .     (no shield)
rPois  .         Spirit   .     (helmet restricted)
rElec  .         Dismiss  .     (no cloak)
rCorr  .         Reflect  .     (no gloves)
SustAt .         Harm     .     s - +0 pair of boots
MR     .....                    (no amulet)
Stlth  +.........               t - ring of loudness (curse)
                                i - -2 ring of strength (curse)

@: not resistant to hostile enchantments, very unstealthy
A: retaliatory headbutt, horns 2
a: no special abilities


You were on level 3 of the Dungeon.
You were not hungry.

You visited 1 branch of the dungeon, and saw 3 of its levels.

You collected 75 gold pieces.

Inventory:

Armour
 a - a +0 robe (worn)
 s - a +0 pair of boots (worn)
Jewellery
 i - a cursed -2 ring of strength (left hand)
 t - a cursed ring of loudness (right hand)
Scrolls
 g - a scroll of teleportation
 j - a scroll of blinking
 k - a scroll of remove curse {unknown}
 o - a scroll of recharging
 q - a scroll of noise
 u - 2 scrolls of identify
 w - a scroll of enchant weapon {unknown}
Potions
 c - a potion of lignification {unknown}
 d - a potion of flight {unknown}
 e - a potion of brilliance {unknown}
 f - 2 potions of haste {unknown}
 h - 2 potions of heal wounds {unknown}
 p - a potion of might {unknown}
 r - a potion of degeneration {unknown}
 v - a potion of curing {unknown}
 x - a potion of magic {unknown}
Comestibles
 b - 4 bread rations
 l - a slice of pizza
 m - a royal jelly
 n - 11 chunks of flesh


   Skills:
 + Level 4.3 Fighting
 + Level 3.7 Dodging
 - Level 1.5 Stealth
 * Level 5.5 Unarmed Combat


You had 3 spell levels left.
You didn't know any spells.

Dungeon Overview and Level Annotations

Branches:
Dungeon (3/15)

Altars:
Dithmenos
Qazlal

Annotations:
D:3 Grinder


Innate Abilities, Weirdness & Mutations

You reflexively headbutt those who attack you in melee.
You have a pair of horns on your head.


Message History

Grinder says, "Don't move a muscle."
Grinder gestures at you. Pain shoots through your body!
Sorry, you're not good enough to have a special ability.
You closely miss Grinder.
Grinder is lightly wounded.
You punch Grinder! Your headbutt misses Grinder.
Grinder is heavily wounded.
Grinder hits you!
You writhe in agony.
You barely miss Grinder. You headbutt Grinder!
Grinder is severely wounded.
Grinder hits you!
* * * LOW HITPOINT WARNING * * *
You writhe in agony.
* * * LOW HITPOINT WARNING * * *
You hit Grinder.
Grinder is severely wounded.
Grinder says, "Tell me all your secrets, or I'll kill you."
Grinder hits you.
You die...

# ## ## #####. .#
#..... # .# ####.###.
#. .# #....###.
#.#..###.# #.#......
#........# #....##..
#.#.5@#########.#.....
#...............#....#
#.#...###########..###
# ##.## #..# ## #...
.....


You could see Grinder.

Vanquished Creatures
  2 adders (D:3)
  5 worms
  An orc (D:3)
  5 bats
  3 giant cockroaches
  3 goblins
  12 hobgoblins
  A quokka (D:3)
  2 giant newts
  3 kobolds
  5 rats
42 creatures vanquished.

Notes
Turn   | Place    | Note
--------------------------------------------------------------
     0 | D:1      | varam the Minotaur Monk began the quest for the Orb.
     0 | D:1      | Reached XP level 1. HP: 19/19 MP: 0/0
   195 | D:1      | Reached XP level 2. HP: 26/26 MP: 1/1
  1151 | D:1      | Reached skill level 5 in Unarmed Combat
  1233 | D:2      | Reached XP level 3. HP: 33/33 MP: 2/2
  2201 | D:3      | Found a stormy altar of Qazlal.
  2224 | D:3      | Found a shadowy altar of Dithmenos.
  2309 | D:3      | Reached XP level 4. HP: 35/40 MP: 3/3
  2376 | D:3      | Noticed Grinder
  2386 | D:3      | Slain by Grinder

Skill      XL: |  1  2 |
---------------+-------+-----
Fighting       | 4 |  4.3
Unarmed Combat | 5 |  5.5
Dodging        | |  3.7
Stealth        | |  1.5

Action                   |  1- 3 |  4- 6 || total
-------------------------+-------+-------++-------
Melee: Unarmed           |   112 |    11 ||   123
       Headbutt          |    16 |     4 ||    20
       Punch             |     3 |       ||     3
  Use: Scroll            |     4 |       ||     4
 Stab: Sleeping          |     1 |       ||     1
  Eat: Chunk             |     4 |     1 ||     5
Armor: Robe              |    16 |       ||    16
Dodge: Dodged            |    48 |     3 ||    51
